 Dungeon Crawl Stone Soup version 0.14-a0-1876-g927fc3a (webtiles) character file.

224 Kae the Insei (level 4, -3/35 HPs)
             Began as a Draconian Transmuter on Jan 14, 2014.
             Slain by Grinder (5 damage)
             ... on Level 3 of the Dungeon.
             The game lasted 00:02:46 (2317 turns).

Kae the Insei (Draconian Transmuter)                Turns: 2317, Time: 00:02:47

HP  -3/35        AC  7     Str 12      XL: 4   Next: 56%
MP   7/7         EV 15     Int 13      God:
Gold 117         SH  0     Dex 13      Spells:  2 memorised,  4 levels left

rFire  . . .     SeeInvis .       - Unarmed
rCold  . . .     Clarity  .     (armour unavailable)
rNeg   . . .     Conserve .     (no shield)
rPois  .         rCorr    .     (helmet restricted)
rElec  .         rRot     .     (no cloak)
SustAb . .       Spirit   .     (no gloves)
rMut   .         Warding  .     (boots unavailable)
Saprov . . .     Stasis   .     (no amulet)
MR     .....                    f - cursed +2 ring of protection
                                g - +3 ring of evasion

@: appendage (expiring), not resistant to hostile enchantments, unstealthy
A: unfitting armour, talons 3, AC +5
a: End Transformation


You were on level 3 of the Dungeon.
You were not hungry.
You had grown temporary talons.
You visited 1 branch of the dungeon, and saw 3 of its levels.

You collected 117 gold pieces.

Inventory:

Missiles
 b - 12 arrows
 c - 12 arrows of frost
Comestibles
 a - 3 bread rations
 k - an apple
 p - a rotting chunk of human flesh
Scrolls
 e - a scroll of remove curse
 i - a scroll of identify
 l - a scroll of enchant armour {unknown}
 m - a scroll of noise
Jewellery
 f - a cursed +2 ring of protection (right hand)
 g - a +3 ring of evasion (left hand)
Potions
 h - a potion of curing {unknown}
Books
 d - a book of Changes

   Spells                             Type                      Level
   *Beastly Appendage                 Transmutation                1
   *Sticks to Snakes                  Transmutation                2
   Spider Form                        Transmutation/Poison         3
   Ice Form                           Ice/Transmutation            4
   Blade Hands                        Transmutation                5


   Skills:
 - Level 1.1 Fighting
 - Level 1.7 Dodging
 * Level 4.8 Unarmed Combat
 - Level 2.0 Spellcasting
 + Level 3.0 Transmutations


You had 4 spell levels left.
You knew the following spells:

 Your Spells              Type           Power        Failure   Level  Hunger
a - Beastly Appendage     Trmt           #.....       10%         1    ##.....
b - Sticks to Snakes      Trmt           #.........   12%         2    ###....


Dungeon Overview and Level Annotations

Branches:
Dungeon (3/16)

Altars:
Yredelemnul

Annotations:
D:3 Grinder


Innate Abilities, Weirdness & Mutations

Your plain brown scales are hard (AC +5).
Your body does not fit into most forms of armour.
Your cold-blooded metabolism reacts poorly to cold.
You have claws for feet.


Message History

Pain shoots through your body!
There is a stone staircase leading up here.
You closely miss Grinder. You claw Grinder.
Grinder is moderately wounded.
Grinder completely misses you.
You barely miss Grinder. Your kick misses Grinder.
Grinder is moderately wounded.
Grinder hits you.
You writhe in agony.
You punch Grinder! Your kick misses Grinder.
Grinder is heavily wounded.
Your transformation is almost over.
Grinder hits you.
You writhe in agony.
* * * LOW HITPOINT WARNING * * *
You closely miss Grinder.
Grinder is heavily wounded.
Grinder says, "Tell me all your secrets, or I'll kill you."
Grinder hits you!
* * * LOW HITPOINT WARNING * * *
You writhe in agony.
You die...

******##.##**,.#.#*****,***,**,,,
#.#**#..#.# *,* * **, ,
#..,,,..#.# *,* *,**,,,
###***#.#.# *,* *,*,,,, ####.#.##
*,* *,*, , * #.......# *,*
*,*,,,* ******* * #.......#####.
**,*,,,
≈,≈,≈≈≈≈**#..............,,,*,,,,
≈≈≈ ≈≈≈≈≈##.....@%.####.###**,,,,
****** ,,#.....5>..........,,,,,,
*≈≈≈≈≈≈, #####.#.#.####.###***,,,
≈≈,,∩,≈≈* #.#.#.# *,* ,,,, ,≈
≈≈≈≈** #,#.#.# *, *,,,, , ***
********,#.#.# *,* *,,,,
≈≈≈≈≈≈≈≈≈*,,,,,#.#.# *,* *,,,,
≈≈≈≈≈,≈≈≈ *,* *#.#.# *,* *,,,, *
*****≈,,,,* #.#.# *,*****,,,*


You could see Grinder.

Vanquished Creatures
  An adder (D:2)
  A human (D:2)
  3 gnolls (D:2)
  2 giant geckos (D:2)
  4 orcs (D:3)
  A ball python (D:2)
  2 giant cockroaches
  6 goblins
  4 hobgoblins
  2 jackals (D:3)
  8 kobolds
  A quokka (D:2)
  3 bats
  A giant newt (D:2)
  A goblin skeleton (D:2)
  2 kobold zombies (D:2)
  13 rats
55 creatures vanquished.

Notes
Turn   | Place    | Note
--------------------------------------------------------------
     0 | D:1      | Kae, the Draconian Transmuter, began the quest for the Orb.
     0 | D:1      | Reached XP level 1. HP: 16/16 MP: 3/3
   236 | D:1      | Reached XP level 2. HP: 18/23 MP: 4/4
   780 | D:2      | Reached XP level 3. HP: 15/28 MP: 6/6
   793 | D:2      | Reached skill level 4 in Unarmed Combat
  1131 | D:2      | HP: 1/28 [poisoned by an adder]
  1405 | D:2      | Learned a level 2 spell: Sticks to Snakes
  1782 | D:2      | Reached XP level 4. HP: 31/35 MP: 5/7
  2033 | D:2      | Found a basalt altar of Yredelemnul.
  2299 | D:3      | Noticed Grinder
  2317 | D:3      | Slain by Grinder

Action                   |  1- 3 |  4- 6 || total
-------------------------+-------+-------++-------
Melee: Unarmed           |   133 |    74 ||   207
 Cast: Beastly Appendage |     7 |     6 ||    13
  Use: Potion            |     2 |     1 ||     3
       Scroll            |       |     7 ||     7
